Map: Winter's Gate LE

Players

GOReynor (Reynor) - Winner!

  • Race: Zerg Zerg
  • League: Master
  • Spawn Location: 11:00

Zest

  • Race: Protoss Protoss
  • League: Master
  • Spawn Location: 5:00

Event: HomeStory Cup XX

VOD

Have the link to the VOD?

Description

Time

  • Played on: Nov. 24, 2019, 9:09 a.m.
  • Length: 5:13

All games in this series

Show
View Real Time Build Order
Export as new Build Order

GOReynor Zerg - Winner!

Build Orders: Hatch First 

Get SALT Encoding   

  12  0:00  Drone  
  13  0:12  Overlord  
  13  0:17  Drone  
  14  0:31  Drone x2  
  16  0:47  Hatchery  
  15  0:51  Drone  
  15  0:54  Drone  
  17  0:59  Drone  
  17  1:01  Extractor  
  17  1:15  Spawning Pool  
  17  1:18  Drone  
  17  1:21  Drone  
  18  1:29  Drone  
  19  1:39  Drone  
  20  1:54  Overlord  
  20  2:02  Metabolic Boost  
  20  2:03  Zergling x4  
  20  2:04  Queen  
  24  2:10  Queen  
  24  2:15  Drone  
  27  2:17  Zergling x2  
  28  2:24  Zergling x4  
  30  2:38  Hatchery  
  30  2:42  Zergling x4  
  31  2:47  Zergling x2  
  31  2:48  Zergling x2  
  33  2:56  Overlord  
  33  2:57  Zergling x2  
  34  3:04  Zergling x4  
  36  3:15  Zergling x4  
  36  3:18  Zergling x6  
  41  3:20  Zergling x4  
  41  3:22  Zergling x2  
  44  3:30  Overlord  
  43  3:35  Zergling x2  
  43  3:38  Zergling x2  
  43  3:40  Zergling x2  
  37  3:50  Zergling x8  
  37  3:52  Zergling x4  
  37  3:53  Zergling x2  
  44  3:58  Zergling x2  
  44  3:59  Zergling x2  
  44  4:01  Zergling x2  
  45  4:03  Zergling x2  
  45  4:05  Zergling x2  
  44  4:12  Zergling x4  
  47  4:17  Zergling x2  
  47  4:23  Zergling x8  
  51  4:25  Zergling x2  
  51  4:30  Zergling x2  
  51  4:31  Zergling x2  
  54  4:35  Zergling x2  
  51  4:39  Zergling x4  
  51  4:41  Zergling x2  
  51  4:44  Zergling x2  
  50  4:46  Zergling x2  
  50  4:49  Zergling x2  
  48  4:55  Zergling x2  
Show
View Real Time Build Order
Export as new Build Order

Zest Protoss 

Build Orders: 1 Gate Expand, Oracle Opening 

Get SALT Encoding   

  12  0:00  Probe  
  13  0:12  Probe  
  14  0:19  Pylon  
  14  0:25  Probe  
  15  0:33  Probe  
  15  0:39  Gateway  
  15  0:41  Probe  
  16  0:47  Assimilator  
  17  0:51  Probe  
  18  1:03  Probe  
  19  1:15  Probe  
  20  1:24  Nexus  
  20  1:35  Cybernetics Core  
  20  1:37  Probe  
  21  1:42  Assimilator  
  21  1:49  Probe  
  21  1:52  Pylon  
  18  2:01  Adept, Probe  
  23  2:13  Probe  
  26  2:16  Stargate  
  26  2:24  Warp Gate  
  26  2:25  Probe  
  27  2:34  Stalker, Probe  
  29  2:38  Probe  
  29  2:42  Probe  
  31  2:50  Probe  
  33  2:51  Probe  
  33  2:52  Oracle  
  34  3:02  Probe  
  34  3:03  Probe  
  39  3:07  Pylon  
  39  3:14  Probe  
  39  3:15  Probe  
  39  3:17  Assimilator  
  39  3:19  Assimilator  
  41  3:23  Oracle  
  41  3:24  Pylon  
  41  3:26  Probe  
  45  3:38  Gateway  
  45  3:39  Pylon  
  37  3:44  Gateway  
  37  3:53  Oracle  
  35  3:56  Gateway  
  36  4:09  Probe x2  
  35  4:18  Pylon  
  35  4:23  Probe x2  
  37  4:29  Pylon  
  37  4:33  Sentry  
  37  4:36  Gateway  
  37  4:38  Probe  
  40  4:40  Probe  
  41  4:48  Gateway  
  41  4:54  Zealot  
  43  5:00  Probe x2  
Tags
 
Add a new tag
Caveats
  • Supply blocks, unpowered buildings, or Contaminate may cause inaccurate times.
  • Supply counts are checked every 10 seconds.